Map: Empire éternel EC

Players

Creature

  • Race: Protoss Protoss
  • Spawn Location: 7:00

FireFoX - Winner!

  • Race: Zerg Zerg
  • Spawn Location: 1:00

Event: DreamHack SC2 Masters 2020 Summer North America

VOD

Have the link to the VOD?

Description

Time

  • Played on: July 5, 2020, 2:37 p.m.
  • Length: 3:43

All games in this series

Show
View Real Time Build Order
Export as new Build Order

Creature Protoss 

Build Orders: 1 Gate Expand 

Get SALT Encoding   

  12  0:00  Probe  
  13  0:12  Probe  
  14  0:18  Pylon  
  14  0:24  Probe  
  15  0:34  Probe  
  15  0:39  Gateway  
  16  0:42  Probe  
  17  0:51  Assimilator, Probe  
  18  1:03  Probe  
  19  1:15  Probe  
  20  1:27  Nexus  
  20  1:39  Cybernetics Core  
  20  1:41  Probe  
  21  1:47  Assimilator  
  21  1:54  Probe  
  22  1:57  Pylon  
  22  2:06  Adept, Probe  
  23  2:20  Probe  
  26  2:27  Robotics Facility  
  26  2:32  Probe  
  26  2:36  Stalker  
  29  2:39  Probe  
  30  2:44  Probe  
  31  2:53  Gateway  
  31  2:54  Probe  
  31  2:57  Probe  
  33  3:06  Sentry, Pylon  
  33  3:07  Probe  
  33  3:12  Shield Battery  
  34  3:19  Pylon  
  36  3:22  Pylon  
  34  3:29  Cybernetics Core  
Show
View Real Time Build Order
Export as new Build Order

FireFoX Zerg - Winner!

Build Orders: Hatch First 

Get SALT Encoding   

  12  0:01  Drone  
  13  0:12  Overlord  
  13  0:17  Drone  
  14  0:30  Drone x2  
  16  0:49  Hatchery  
  15  0:53  Drone  
  15  0:56  Extractor  
  15  0:58  Drone  
  16  1:13  Spawning Pool  
  16  1:18  Drone  
  16  1:23  Drone  
  17  1:37  Overlord  
  17  2:00  Zergling x2, Metabolic Boost  
  18  2:02  Queen  
  18  2:04  Zergling x4  
  18  2:05  Zergling x2  
  23  2:14  Zergling x4  
  25  2:25  Zergling x4  
  27  2:35  Zergling x4  
  29  2:46  Zergling x2  
  29  2:47  Zergling x2  
  31  2:53  Hatchery  
  30  2:59  Zergling x4  
  31  3:08  Zergling x4  
  31  3:11  Zergling x2  
  33  3:15  Zergling x2  
  33  3:17  Zergling x2  
  34  3:20  Zergling x2  
  34  3:25  Zergling x2  
Tags
 
Add a new tag
Caveats
  • Supply blocks, unpowered buildings, or Contaminate may cause inaccurate times.
  • Supply counts are checked every 10 seconds.